 Dungeon Crawl Stone Soup version 0.20-a0-16-g0876c8e (webtiles) character file.

93 KristoblXynda the Conjurer (level 4, 0/24 HPs)
             Began as a Deep Elf Conjurer on Nov 4, 2016.
             Was an Initiate of Vehumet.
             Slain by a gnoll
             ... wielding a +0 halberd
              (4 damage)
             ... on level 3 of the Dungeon.
             The game lasted 00:05:52 (2428 turns).

KristoblXynda the Conjurer (Deep Elf Conjurer)      Turns: 2428, Time: 00:05:53

Health: 0/24       AC:  3    Str:  5    XL:     4   Next: 37%
Magic:  4/12       EV: 13    Int: 21    God:    Vehumet [......]
Gold:   126        SH:  0    Dex: 15    Spells: 3 memorised, 4 levels left

rFire  . . .     SeeInvis .     j - +2 whip (flame)
rCold  . . .     Gourm    .     a - +0 robe
rNeg   + . .     Faith    .     (no shield)
rPois  .         Spirit   .     n - +0 helmet
rElec  .         Reflect  .     (no cloak)
rCorr  .         Harm     .     (no gloves)
MR     .....                    (no boots)
Stlth  ++........               (no amulet)
                                (no ring)
                                i - ring of positive energy

@: no status effects
A: no striking features
a: Renounce Religion


You were on level 3 of the Dungeon.
You worshipped Vehumet.
Vehumet was noncommittal.
You were not hungry.

You visited 1 branch of the dungeon, and saw 3 of its levels.

You collected 126 gold pieces.

Inventory:

Hand Weapons
 j - a +2 whip of flaming (weapon)
Armour
 a - a +0 robe (worn)
 n - a +0 helmet (worn)
Jewellery
 i - a ring of positive energy (left hand)
 l - a +3 ring of strength {unknown}
Scrolls
 e - 2 scrolls of identify
 k - a scroll of enchant weapon {unknown}
 p - a scroll of fear {unknown}
Potions
 h - 3 potions of might
Books
 b - a book of Conjurations

   Spells                             Type                      Level
   a - Magic Dart                     Conjuration                  1
   b - Searing Ray                    Conjuration                  2
   c - Dazzling Spray                 Conjuration/Hexes            3
   d - Fulminant Prism                Conjuration/Hexes            4
   e - Iskenderun's Mystic Blast      Conjuration                  4
   f - Iskenderun's Battlesphere      Conjuration/Charms           5
Comestibles
 c - 4 bread rations
 f - 2 fruits
 g - a royal jelly
 m - a slice of pizza


   Skills:
 - Level 2.4 Dodging
 - Level 2.4 Stealth
 + Level 4.8 Spellcasting
 + Level 5.5 Conjurations


You had 4 spell levels left.
You knew the following spells:

 Your Spells              Type           Power        Failure   Level  Hunger
a - Magic Dart            Conj           ####         1%          1    None
b - Dazzling Spray        Conj/Hex       ###...       14%         3    ##.....
c - Iskenderun's Mystic   Conj           ####....     14%         4    ####...


Dungeon Overview and Level Annotations

Branches:
Dungeon (3/15)

Altars:
Vehumet


Message History

Unknown command.
Casting: Magic Dart
Confirm with . or Enter, or press ? or * to list all spells.
Aiming: Magic Dart
Press: ? - help, Shift-Dir - straight line, f/p - gnoll
Aim: a gnoll (severely wounded)
The magic dart hits the gnoll.
The gnoll is severely wounded.
The gnoll completely misses you.
The gnoll hits you from afar with a halberd.
The gnoll hits you!
The gnoll hits you from afar with a halberd!
* * * LOW HITPOINT WARNING * * *
The gnoll closely misses you.
You feel better. The gnoll hits you.
* * * LOW HITPOINT WARNING * * *
The gnoll barely misses you. The gnoll closely misses you.
The gnoll hits you from afar with a halberd.
You die...

#.## ###.
#####................. ...
...........#########.####
...
....#######.#.......#....#
...
#.#...............####.#
#### #.#.###.#.#.#######
#.# #.#.#...#.#.# #.#
#.#(#.#.#.#.# #.#
###.#...#.#.#.# #.#
#........@#.#.# #.#
#...(...g.#.#.# #.#
#......g..#.#.# #.#
#.........#.#.# ######'#
#.).......# #.#####.......
#.........# #.....'.......
#.........#.#######.......
#.........#...............
#.........################


You could see 2 gnolls.

Vanquished Creatures
  A gnoll (D:3)
  An adder (D:2)
  An ooze (D:1)
  A worm (D:2)
  4 dart slugs
  4 leopard geckos
  2 ball pythons
  A giant cockroach (D:2)
  8 goblins
  4 hobgoblins
  4 jackals (D:2)
  A quokka (D:2)
  5 bats
  7 frilled lizards
  6 kobolds
  4 rats
54 creatures vanquished.

Notes
Turn   | Place    | Note
-------+----------+-------------------------------------------
     0 | D:1      | KristoblXynda the Deep Elf Conjurer began the quest for the Orb.
     0 | D:1      | Reached XP level 1. HP: 10/10 MP: 6/6
   208 | D:1      | Reached XP level 2. HP: 15/15 MP: 4/8
   742 | D:1      | Reached skill level 5 in Conjurations
   742 | D:1      | Reached XP level 3. HP: 19/19 MP: 10/10
  1035 | D:1      | Learned a level 3 spell: Dazzling Spray
  1588 | D:2      | Found a radiant altar of Vehumet.
  1601 | D:2      | Became a worshipper of Vehumet
  1814 | D:2      | Reached XP level 4. HP: 24/24 MP: 7/12
  1835 | D:2      | Learned a level 4 spell: Iskenderun's Mystic Blast
  2422 | D:3      | HP: 1/24 [gnoll/halberd (9)]
  2428 | D:3      | Slain by a gnoll

Vault maps used:
D:1:      dpeg_arrival_rhombi, kennysheep_small_spiral, grunt_decor_cap,
          serial_park_tiny_pond
D:2:      overflow_temple_1_default, first_bread, minmay_misc_feat_plants
D:3:      grunt_temple_overflow_champion_of_chaos

Skill      XL: |  1  2 |
---------------+-------+-----
Spellcasting   | 4 |  4.8
Conjurations   | 5 |  5.5
Dodging        | |  2.4
Stealth        | |  2.4

Action                   |  1- 3 |  4- 6 || total
-------------------------+-------+-------++-------
Melee: Unarmed           |     1 |       ||     1
       Dagger            |     3 |       ||     3
       Whip              |    53 |     4 ||    57
 Cast: Magic Dart        |    52 |    26 ||    78
  Use: Scroll            |     2 |       ||     2
       Potion            |       |     2 ||     2
 Stab: Sleeping          |     3 |       ||     3
  Eat: Chunk             |     3 |       ||     3
       Fruit             |       |     3 ||     3
Armor: Robe              |     7 |     3 ||    10
Dodge: Dodged            |    39 |    12 ||    51
